 Dungeon Crawl Stone Soup version 0.23.2-1-ga50397a6bc (webtiles) character file.

Game seed: 460908868557796635

25760 FluffierThanThou the Fighter (level 12, -6/154 HPs)
             Began as a Demonspawn Berserker on May 16, 2019.
             Was a High Priest of Trog.
             Mangled by a three-headed hydra (7 damage)
             ... on level 12 of the Dungeon.
             The game lasted 00:56:50 (12250 turns).

FluffierThanThou the Fighter (DsBe)                Turns: 12250, Time: 00:56:51

Health: -6/154     AC: 26    Str: 22    XL:     12   Next: 92%
Magic:  0/12       EV:  2    Int:  9    God:    Trog [*****.]
Gold:   669        SH:  0    Dex: 13    Spells: 11/11 levels left

rFire    . . .     SeeInvis +   U - +0 hand axe (flame)
rCold    . . .     Gourm    .   (no shield)
rNeg     + + +     Faith    .   (armour currently unavailable)
rPois    +         Spirit   +   (helmet currently unavailable)
rElec    .         Reflect  .   (cloak currently unavailable)
rCorr    .         Harm     .   (gloves currently unavailable)
MR       .....     NoTele   +   (boots currently unavailable)
Stlth    +.........             B - amulet of guardian spirit
HPRegen  0.35/turn              S - ring of see invisible
MPRegen  0.13/turn              C - ring of positive energy

@: tree-form, berserk cooldown, starving, slowed, very slow
A: powered by death 3
a: Berserk, Trog's Hand, Brothers in Arms, Renounce Religion


You were on level 12 of the Dungeon.
You worshipped Trog.
Trog was extremely pleased with you.
You were starving.
You were a tree.
You visited 3 branches of the dungeon, and saw 15 of its levels.
You also visited: Ossuary.

You collected 781 gold pieces.
You spent 112 gold pieces at shops.

Inventory:

Hand Weapons
 b - a +2 falchion of electrocution
 R - a +0 antimagic executioner's axe
 U - a +0 hand axe of flaming (weapon)
Armour
 j - a +0 cloak (melded)
 l - a +0 pair of gloves
 s - the +1 pair of gloves "Heurch" (melded) {rF++ MR+}
   (You found it on level 1 of the Lair of Beasts)

   It greatly protects you from fire.
   It affects your resistance to hostile enchantments.
 D - a +3 chain mail
 M - +0 swamp dragon scales (melded)
Jewellery
 n - an uncursed ring of magical power
 r - an uncursed amulet of guardian spirit
 B - an amulet of guardian spirit (around neck)
 C - a ring of positive energy (right branch)
 F - an uncursed ring of protection from magic
 G - an uncursed ring of magical power
 H - an uncursed ring of protection from magic
 S - a ring of see invisible (left branch)
 Y - an uncursed ring of stealth
Wands
 z - a wand of disintegration (15)
 I - a wand of acid (6)
 N - a wand of iceblast (10)
 T - a wand of scattershot (7)
 W - a wand of paralysis (25)
Scrolls
 d - 14 scrolls of remove curse
 g - 6 scrolls of teleportation
 h - a scroll of amnesia
 i - 5 scrolls of identify
 o - 2 scrolls of magic mapping
 u - 5 scrolls of immolation
 v - a scroll of torment
 x - a scroll of random uselessness
 y - 2 scrolls of noise
 J - a scroll of fear
 K - 5 scrolls of fog
 P - a scroll of vulnerability
 V - 2 scrolls of enchant weapon
Potions
 a - a potion of brilliance
 c - a potion of magic
 e - 2 potions of haste
 f - 5 potions of curing
 k - 5 potions of flight
 m - 3 potions of mutation
 p - 4 potions of cancellation
 q - a potion of degeneration
 t - 4 potions of berserk rage
 E - 3 potions of invisibility
Comestibles
 A - 12 rations


   Skills:
 * Level 12.8 Fighting
 * Level 11.6 Axes
 + Level 8.8 Armour
 + Level 8.8 Dodging


You had 11 spell levels left.
You didn't know any spells.
Your spell library was empty.

Dungeon Overview and Level Annotations

Branches:
Dungeon (13/15)            Temple (0/1) D:6            Lair (1/6) D:8
    Orc (1/2) D:9
 Vaults: D:13-14

Altars:
Kikubaaqudgha
Makhleb
Trog
Zin

Shops:
D:8 *   D:9 =   D:11 =

Annotations:
D:12 3 runed translucent doors
D:13 Maurice, Sonja


Innate Abilities, Weirdness & Mutations

((You have a pair of antennae on your head.))
((You are partially covered in molten scales. (AC +2)))
You regenerate a lot of health from kills.


Message History

* * * LOW HITPOINT WARNING * * *
The two-headed ogre barely misses you. x2
You climb upwards.
Level annotation: 3 runed translucent doors
There is a stone staircase leading down here.
Really quaff the potion of lignification?
You turn into a tree.
Your +0 cloak melds into your body.
The +1 pair of gloves "Heurch" {rF++ MR+} melds into your body.
Your +0 swamp dragon scales melds into your body.
Your roots penetrate the ground.
The three-headed hydra bites you.
* * * LOW HITPOINT WARNING * * *
The three-headed hydra bites you.
* * * LOW HITPOINT WARNING * * *
The three-headed hydra bites you but does no damage.
The two-headed ogre hits you but does no damage.
The two-headed ogre hits you with a +0 giant club.
* * * LOW HITPOINT WARNING * * *
The three-headed hydra bites you but does no damage. x2
The three-headed hydra bites you!
You die...

#..............###
###).....#.#.#####
#.....##.#<#.#
#.....##.#(#.#
#.....##.).#.#
#.....####.#.## ##
#.............# #.
####O######....#####.
#..D♣................
#........####........
#....[......#...(....
#...........#........
#...........#........
#.............###....
#.............# #....
######........# #####
#.......:#


You could see a three-headed hydra and a two-headed ogre.

Vanquished Creatures
  Gastronok (D:11)
  2 hydras (Lair:1)
  3 two-headed ogres
  The ghost of terraru the Protected, a journeyman GrEE of Vehumet (D:11)
  An unseen horror (D:10)
  A cyclops (D:12)
  3 slime creatures (D:12)
  The ghost of Slothtographer the Carver, a novice TeGl of Dithmenos (D:9)
  4 spiny frogs (Lair:1)
  A gargoyle (D:10)
  2 kobold demonologists (D:12)
  A komodo dragon (Lair:1)
  A troll (D:12)
  A hornet (D:13)
  3 hippogriffs
  A centaur simulacrum (D:12)
  Eustachio (D:5)
  3 wyverns
  15 yaks
  Grum (D:11)
  3 hungry ghosts
  4 vampire mosquitoes (D:9)
  A warg (D:9)
  2 water moccasins (Lair:1)
  3 porcupines
  8 orc warriors
  6 ice beasts
  2 black bears
  A phantom (D:8)
  6 sky beasts
  3 eyes of draining
  6 ogres
  3 wolves (D:11)
  4 necrophages
  10 centaurs
  2 crocodiles
  9 big kobolds
  Blork the orc (D:5)
  A wyvern zombie (D:9)
  12 bullfrogs
  8 scorpions
  3 howler monkeys (D:12)
  17 wights
  3 bullfrog zombies
  2 crimson imps (D:12)
  A spectral bullfrog (D:9)
  6 centaur zombies
  2 quasits
  3 centaur skeletons
  6 hounds
  5 jellies
  9 orc priests
  15 orc wizards
  3 bullfrog skeletons
  4 iguanas
  6 worker ants
  A killer bee zombie (Ossuary)
  A bullfrog simulacrum (D:9)
  2 hound zombies
  21 mummies
  2 howler monkey zombies (D:6)
  3 worker ant zombies
  7 gnolls
  A howler monkey skeleton (D:10)
  11 adders
  4 shadow imps
  6 oozes
  2 adder skeletons
  3 adder zombies
  2 worms
  A dart slug (D:4)
  4 leopard geckos
  50 orcs
  10 giant cockroaches
  A goblin (D:2)
  5 hobgoblins
  8 jackals
  29 kobolds
  5 quokkas
  12 bats
  4 frilled lizards
  A jackal skeleton (D:7)
  A leopard gecko skeleton (D:5)
  A leopard gecko zombie (D:8)
  A quokka skeleton (D:5)
  7 rats
  A withered plant (Ossuary)
434 creatures vanquished.

Vanquished Creatures (others)
  2 fungi (D:8)
  A plant (D:8)
  5 withered plants (Ossuary)
8 creatures vanquished.

Grand Total: 442 creatures vanquished

Notes
Turn   | Place    | Note
-------+----------+-------------------------------------------
     0 | D:1      | FluffierThanThou the Demonspawn Berserker began the quest
                  | for the Orb.
     0 | D:1      | Reached XP level 1. HP: 18/18 MP: 1/1
   688 | D:2      | Gained mutation: You regenerate a little health from kills.
                  | [demonic ancestry]
   688 | D:2      | Reached XP level 2. HP: 24/24 MP: 2/2
   942 | D:2      | Gained mutation: You have a pair of small antennae on your
                  | head. [demonic ancestry]
   942 | D:2      | Reached XP level 3. HP: 17/29 MP: 1/3
  1175 | D:2      | Reached ** piety under Trog
  1708 | D:3      | Reached XP level 4. HP: 33/35 MP: 4/4
  2060 | D:3      | Found a burning altar of Makhleb.
  2269 | D:4      | Gained mutation: You have a pair of antennae on your head.
                  | [demonic ancestry]
  2269 | D:4      | Reached XP level 5. HP: 34/42 MP: 5/5
  2351 | D:4      | Reached skill level 4 in Fighting
  2354 | D:4      | Reached XP level 6. HP: 30/48 MP: 6/6
  2731 | D:4      | Found a sand-covered staircase.
  2740 | Ossuary  | Entered an ossuary
  2761 | Ossuary  | Reached skill level 5 in Axes
  2786 | Ossuary  | Gained mutation: You are partially covered in molten
                  | scales. (AC +2) [demonic ancestry]
  2786 | Ossuary  | Reached XP level 7. HP: 43/55 MP: 7/7
  2802 | Ossuary  | Reached *** piety under Trog
  3819 | D:4      | Reached skill level 5 in Fighting
  4090 | D:5      | Entered Level 5 of the Dungeon
  4188 | D:5      | Reached XP level 8. HP: 61/62 MP: 8/8
  4202 | D:5      | Noticed Blork the orc
  4214 | D:5      | Killed Blork the orc
  4319 | D:5      | Noticed Eustachio
  4332 | D:5      | Killed Eustachio
  4580 | D:5      | Found a bloodstained altar of Trog.
  4625 | D:5      | Reached skill level 6 in Fighting
  4670 | D:5      | Reached **** piety under Trog
  5137 | D:6      | Found a glowing silver altar of Zin.
  5330 | D:6      | Found a staircase to the Ecumenical Temple.
  5369 | D:6      | Reached skill level 5 in Armour
  5423 | D:6      | Reached skill level 5 in Dodging
  5434 | D:6      | Gained mutation: You regenerate health from kills. [demonic
                  | ancestry]
  5434 | D:6      | Reached XP level 9. HP: 71/71 MP: 9/9
  5639 | D:6      | Reached skill level 7 in Fighting
  5778 | D:7      | Reached skill level 8 in Fighting
  6253 | D:7      | You fall through a shaft for 3 floors!
  6253 | D:10     | Entered Level 10 of the Dungeon
  6264 | D:10     | Reached ***** piety under Trog
  6299 | D:10     | Gained mutation: You regenerate a lot of health from kills.
                  | [demonic ancestry]
  6299 | D:10     | Reached XP level 10. HP: 72/82 MP: 10/10
  6359 | D:10     | Received a gift from Trog
  6366 | D:10     | Killed an unseen horror
  6366 | D:10     | Reached skill level 9 in Fighting
  6420 | D:10     | Noticed a gargoyle
  6426 | D:10     | Killed a gargoyle
  6562 | D:9      | Found Tudomuuq's Jewellery Shoppe.
  6625 | D:9      | Noticed a two-headed ogre
  6638 | D:9      | Killed a two-headed ogre
  6662 | D:9      | Found a staircase to the Orcish Mines.
  6749 | D:9      | Reached skill level 10 in Fighting
  6989 | D:8      | Reached XP level 11. HP: 83/89 MP: 4/11
  7010 | D:8      | Found a staircase to the Lair.
  7088 | D:8      | Found Buakhlih's General Store.
  7097 | D:8      | Bought a potion of mutation for 112 gold pieces
  7156 | D:8      | Found an ancient bone altar of Kikubaaqudgha.
  7173 | D:8      | Found the +5 scythe "Finisher" {speed, eviscerate}
  8070 | D:9      | Found a transporter.
  8072 | D:9      | Found a transporter.
  8073 | D:9      | Noticed Slothtographer's ghost (novice TeGl)
  8170 | D:9      | Killed Slothtographer's ghost
  8368 | D:9      | Noticed a two-headed ogre
  8375 | D:9      | Killed a two-headed ogre
  8446 | D:9      | Received a gift from Trog
  8572 | D:10     | You fall through a shaft for 3 floors!
  8587 | D:13     | Reached skill level 11 in Fighting
  8665 | D:12     | Reached skill level 10 in Axes
  8815 | D:11     | Noticed a two-headed ogre
  8874 | D:10     | HP: 6/135 [two-headed ogre/+0 giant club (9)]
  8877 | D:10     | Killed a two-headed ogre
  9113 | Orc:1    | Entered Level 1 of the Orcish Mines
  9118 | Orc:1    | Noticed an orc knight
  9183 | Lair:1   | Entered Level 1 of the Lair of Beasts
  9196 | Lair:1   | Reached XP level 12. HP: 76/100 MP: 2/12
  9214 | Lair:1   | Noticed a six-headed hydra
  9224 | Lair:1   | Killed a one-headed hydra
  9235 | Lair:1   | Got a pair of polished gloves
  9246 | Lair:1   | Identified the +1 pair of gloves "Heurch" {rF++ MR+} (You
                  | found it on level 1 of the Lair of Beasts)
  9362 | Lair:1   | Noticed a four-headed hydra
  9370 | Lair:1   | Killed a one-headed hydra
  9446 | Lair:1   | Reached skill level 12 in Fighting
 10574 | D:11     | Received a gift from Trog
 10580 | D:11     | Noticed Gastronok
 10600 | D:11     | Noticed Grum
 10605 | D:11     | Killed Gastronok
 10613 | D:11     | Killed Grum
 10638 | D:11     | Found a runed translucent door.
 10638 | D:11     | Found Ukolai Core's Jewellery Emporium.
 10638 | D:11     | Noticed terraru's ghost (journeyman GrEE)
 11315 | D:11     | Killed terraru's ghost
 11686 | D:12     | Found a runed translucent gate.
 11686 | D:12     | Found a runed translucent gate.
 11686 | D:12     | Found a runed translucent gate.
 11688 | D:12     | Noticed a green very ugly thing
 12218 | D:13     | Noticed Sonja
 12223 | D:13     | Noticed a seven-headed hydra
 12229 | D:13     | Noticed a two-headed ogre
 12240 | D:13     | Noticed Maurice
 12248 | D:13     | HP: 3/103 [three-headed hydra (3)]
 12250 | D:12     | HP: 1/154 [two-headed ogre/+0 giant club (1)]
 12250 | D:12     | Mangled by a three-headed hydra

Skill      XL: |  1  2  3  4  5  6  7  8  9 10 11 12 |
---------------+-------------------------------------+-----
Axes           | 3 4 5 6 7 9 10 11 | 11.6
Dodging        | 2 3 4 5 6 7 8 |  8.8
Armour         | 2 3 4 5 6 7 8 |  8.8
Fighting       | 4 5 6 8 10 11 12 | 12.8

Action                   |  1- 3 |  4- 6 |  7- 9 | 10-12 || total
-------------------------+-------+-------+-------+-------++-------
Melee: Hand axe          |   120 |   221 |   174 |    21 ||   536
       Falchion          |       |       |   264 |       ||   264
       Battleaxe         |       |       |    32 |    15 ||    47
       Executioner's axe |       |       |       |   636 ||   636
Invok: Berserk           |     2 |     2 |     7 |    13 ||    24
       Trog's Hand       |       |       |       |     2 ||     2
  Use: Potion            |       |     1 |       |    15 ||    16
       Scroll            |       |       |       |    17 ||    17
  Eat: Ration            |     1 |     1 |     3 |    10 ||    15
       Chunk             |       |     2 |     9 |     8 ||    19
Armor: Animal skin       |    50 |       |       |       ||    50
       Chain mail        |     4 |   157 |   203 |       ||   364
       Swamp dragon scal |       |       |    28 |   400 ||   428
       Skin              |       |       |       |   182 ||   182
Dodge: Dodged            |   130 |    75 |   239 |   899 ||  1343
       Rpst.: Falchion   |       |       |    43 |       ||    43
